 Dungeon Crawl Stone Soup version 0.23.2-40-g277498a (webtiles) character file.

Game seed: 7543139607943857803

41 zhovat1 the Grave Robber (level 3, 0/26 HPs)
             Began as a Demonspawn Necromancer on Aug 21, 2019.
             Slain by a jackal (3 damage)
             ... on level 2 of the Dungeon.
             The game lasted 00:01:39 (1108 turns).

zhovat1 the Grave Robber (Demonspawn Necromancer)   Turns: 1108, Time: 00:01:40

Health: 0/26       AC:  2    Str:  8    XL:     3   Next: 32%
Magic:  1/6        EV: 12    Int: 17    God:
Gold:   82         SH:  0    Dex: 13    Spells: 6/7 levels left

rFire    . . .     SeeInvis .   (no weapon)
rCold    . . .     Gourm    .   (no shield)
rNeg     . . .     Faith    .   a - +0 robe
rPois    .         Spirit   .   (no helmet)
rElec    .         Reflect  .   (no cloak)
rCorr    .         Harm     .   (no gloves)
MR       .....                  (no boots)
Stlth    ++........             (no amulet)
HPRegen  0.08/turn              (no ring)
MPRegen  0.10/turn              (no ring)

@: no status effects
A: claws 1
a: no special abilities


You were on level 2 of the Dungeon.
You were not hungry.

You visited 1 branch of the dungeon, and saw 2 of its levels.

You collected 82 gold pieces.

Inventory:

Armour
 a - a +0 robe (worn)
 h - a +0 buckler
Potions
 f - a potion of resistance {unknown}
 g - a potion of might {unknown}
Comestibles
 c - 2 rations
 i - 5 chunks of flesh


   Skills:
 + Level 1.0 Fighting
 + Level 2.0 Dodging
 * Level 2.4 Stealth
 + Level 0.1 Shields
 * Level 2.5 Spellcasting
 + Level 4.5 Necromancy


You had 6 spell levels left.
You knew the following spells:

 Your Spells              Type           Power        Failure   Level  Hunger
a - Pain                  Necr           ###.         2%          1    #......

Your spell library contained the following spells:

 Spells                   Type           Power        Failure   Level  Hunger
 Animate Skeleton         Necr           N/A          2%          1    #......
 Vampiric Draining        Necr           ###.......   9%          3    ###....
 Regeneration             Chrm/Necr      #.........   22%         3    ###....
 Animate Dead             Necr           N/A          28%         4    #####..


Dungeon Overview and Level Annotations

Branches:
Dungeon (2/15)

Altars:


Innate Abilities, Weirdness & Mutations

You have sharp fingernails.


Message History

Press: ? - help, Shift-Dir - straight line, f/p - jackal
Aim: a jackal (moderately wounded, chance to defeat MR: 87%)
The jackal writhes in agony.
You kill the jackal!
Your Fighting skill increases to level 1!
Casting: Pain (safe; 2% risk of failure)
Confirm with . or Enter, or press ? or * to list all spells.
Aiming: Pain (safe; 2% risk of failure)
Press: ? - help, Shift-Dir - straight line, f/p - jackal
Aim: a jackal (moderately wounded, chance to defeat MR: 87%)
The jackal writhes in agony.
The jackal barely misses you. The jackal bites you.
* * * LOW HITPOINT WARNING * * *
Casting: Pain (safe; 2% risk of failure)
Confirm with . or Enter, or press ? or * to list all spells.
Aiming: Pain (safe; 2% risk of failure)
Press: ? - help, Shift-Dir - straight line, f/p - jackal
Aim: a jackal (heavily wounded, chance to defeat MR: 87%)
The jackal writhes in agony.
The jackal bites you.
You die...

##### #.%........ #...#
###......... #...# ...........
#...######
..........##############.........
....>..............##............
.........(.......)...............
..........########.##............
..........+...Kh@..##......#+####
.!........#....##..##......#.# ..
..........#....##...#......#.# ..
...............##†#.#...)###.# ..
...............##.#.......##.# ##
...............##.#...8....#.#
...............##.#..8.8.....#
...............##.#.8._.8.##.#
##.....#.....[.##.#..8.8..##.####


You could see a jackal and a kobold.

Vanquished Creatures
  A gnoll (D:1)
  An ooze (D:1)
  A dart slug (D:1)
  3 giant cockroaches (D:1)
  4 goblins
  4 hobgoblins
  3 jackals (D:2)
  2 bats (D:1)
  2 kobolds (D:1)
  A rat (D:1)
22 creatures vanquished.

Notes
Turn   | Place    | Note
-------+----------+-------------------------------------------
     0 | D:1      | zhovat1 the Demonspawn Necromancer began the quest for the
                  | Orb.
     0 | D:1      | Reached XP level 1. HP: 13/13 MP: 3/3
   176 | D:1      | Gained mutation: You have sharp fingernails. [demonic
                  | ancestry]
   176 | D:1      | Reached XP level 2. HP: 12/20 MP: 0/5
   774 | D:1      | Reached XP level 3. HP: 25/25 MP: 3/6
   934 | D:2      | Found a faded altar of an unknown god.
  1106 | D:2      | Reached skill level 1 in Fighting
  1108 | D:2      | Slain by a jackal

Skill      XL: |  1  2  3 |
---------------+----------+-----
Stealth        | 2 |  2.4
Dodging        | 2 |  2.0
Fighting       | 1 |  1.0
Shields        | |  0.1
Spellcasting   | |  2.5
Necromancy     | |  4.5

Action                   || total
-------------------------++-------
Melee: Unarmed           ||    26
 Cast: Pain              ||    38
  Use: Scroll            ||     3
 Stab: Sleeping          ||     1
  Eat: Chunk             ||     1
Armor: Robe              ||     6
Dodge: Dodged            ||    32
